 Dungeon Crawl Stone Soup version 0.17-a0-1497-g03599f7 (webtiles) character file.

167 urechis the Skirmisher (level 5, -3/42 HPs)
             Began as a Demonspawn Gladiator on July 6, 2015.
             Slain by urechis's ghost (10 damage)
             ... on level 4 of the Dungeon.
             The game lasted 00:05:42 (2360 turns).

urechis the Skirmisher (Demonspawn Gladiator)       Turns: 2360, Time: 00:05:42

Health: -3/42      AC:  4    Str: 16    XL:     5   Next: 23%
Magic:  5/5        EV: 12    Int:  9    God:
Gold:   184        SH:  0    Dex: 14    Spells: 0 memorised, 4 levels left

rFire  . . .     SeeInvis .     a - +0 long sword
rCold  . . .     Clarity  .     h - +0 leather armour (curse)
rNeg   . . .     SustAt   .     (no shield)
rPois  .         Gourm    .     c - +0 helmet
rElec  .         Spirit   .     (no cloak)
rCorr  +         Warding  .     (no gloves)
rMut   .         Stasis   .     (no boots)
MR     .....                    w - amulet of resist corrosion
Stlth  +.........               (no ring)
                                (no ring)

@: not resistant to hostile enchantments, very unstealthy
A: powered by death 1
a: no special abilities


You were on level 4 of the Dungeon.
You were hungry.

You visited 1 branch of the dungeon, and saw 4 of its levels.

You collected 184 gold pieces.

Inventory:

Hand weapons
 a - a +0 long sword (weapon)
Missiles
 d - 3 throwing nets (quivered)
Armour
 c - a +0 helmet (worn)
 h - a cursed +0 leather armour (worn)
 s - a +0 chain mail of fire resistance
Jewellery
 w - an amulet of resist corrosion (around neck)
Scrolls
 b - 2 scrolls of magic mapping {unknown}
 g - a scroll of noise {unknown}
 i - 3 scrolls of identify {unknown}
 k - 2 scrolls of recharging {unknown}
 l - 2 scrolls of remove curse {unknown}
 p - a scroll of amnesia {unknown}
 r - a scroll of immolation {unknown}
 u - a scroll of teleportation {unknown}
Potions
 j - a potion of cure mutation {unknown}
 m - a potion of mutation {unknown}
 o - a potion of curing {unknown}
 t - a potion of might {unknown}
 x - a potion of degeneration {unknown}
 z - a potion of resistance {unknown}
Comestibles
 e - 4 bread rations
 f - a meat ration
 n - 2 fruits
 q - 2 beef jerkies
 v - 2 chunks of flesh


   Skills:
 + Level 4.2 Fighting
 + Level 4.1 Long Blades
 - Level 1.7 Throwing
 - Level 2.6 Dodging


You had 4 spell levels left.
You didn't know any spells.

Dungeon Overview and Level Annotations

Branches:
Dungeon (4/15)
 Temple: D:4-7

Altars:
Dithmenos
Trog
Yredelemnul

Shops:
D:4 :

Annotations:
D:4 urechis's ghost, average TeFi


Innate Abilities, Weirdness & Mutations

You regenerate a little health from kills.


Message History

Urechis's ghost barely misses you.
You hit urechis's ghost but do no damage.
Urechis's ghost is lightly damaged.
Urechis's ghost hits you. Urechis's ghost barely misses you.
You hit urechis's ghost but do no damage.
Urechis's ghost is lightly damaged.
Urechis's ghost misses you.
You barely miss urechis's ghost.
Urechis's ghost is lightly damaged.
Urechis's ghost hits you!
You slash urechis's ghost!
Urechis's ghost is moderately damaged.
Urechis's ghost hits you!
You hit urechis's ghost.
Urechis's ghost is moderately damaged.
Urechis's ghost hits you!
* * * LOW HITPOINT WARNING * * *
You feel less regenerative. Urechis's ghost hits you!
You die...

#.#.#.#.........
#.....).........
#...............
#......S........
#...............
#.........#....b
######..#.#.####
#.WS†.....#.#
#@####....#
#.......>.#
#).....#..#
#...<..#..#
#...)..#.##
#......#.#
...########.....#
.........†......#
###
...########....##
..#.


You could see urechis's ghost and an adder.

Vanquished Creatures
  An iguana (D:4)
  2 worker ants (D:4)
  2 adders
  3 oozes
  2 worms
  3 orcs (D:3)
  A bat (D:1)
  A bat skeleton (D:4)
  3 goblins
  5 hobgoblins
  8 kobolds
  5 giant cockroaches
  5 giant geckos
  A giant gecko skeleton (D:4)
  2 giant newts
  8 rats
52 creatures vanquished.

Notes
Turn   | Place    | Note
--------------------------------------------------------------
     0 | D:1      | urechis the Demonspawn Gladiator began the quest for the Orb.
     0 | D:1      | Reached XP level 1. HP: 16/16 MP: 1/1
   460 | D:1      | Gained mutation: You regenerate a little health from kills. [demonic ancestry]
   460 | D:1      | Reached XP level 2. HP: 23/23 MP: 2/2
   538 | D:1      | Reached skill level 3 in Long Blades
  1247 | D:2      | Found a faded altar to an unknown god.
  1302 | D:2      | Reached XP level 3. HP: 28/28 MP: 3/3
  1716 | D:3      | Found a bloodstained altar of Trog.
  1730 | D:3      | Reached XP level 4. HP: 16/35 MP: 4/4
  1738 | D:3      | Found a shadowy altar of Dithmenos.
  1814 | D:3      | Found a basalt altar of Yredelemnul.
  2171 | D:4      | Noticed urechis's ghost (average TeFi)
  2242 | D:4      | Reached skill level 4 in Fighting
  2242 | D:4      | Reached XP level 5. HP: 35/42 MP: 5/5
  2258 | D:4      | Found Dyvenyce's Book Shop.
  2360 | D:4      | Slain by urechis's ghost

Vault maps used:
D:1:      elethiomel_arrival_infinity_welcomes_careful_drivers,
          minmay_misc_feat_columns
D:2:      ecumenical_altar_1, first_bread
D:3:      grunt_temple_overflow_open, nicolae_overflow_hidden_temple,
          dk_noncrumbling_3, uniq_jessica
D:4:      serial_shops, nicolae_shop_waterfront,
          nicolae_shop_temple_entry_statues_fountains, uniq_eustachio

Action                   |  1- 3 |  4- 6 || total
-------------------------+-------+-------++-------
Melee: Long sword        |   114 |    68 ||   182
 Stab: Sleeping          |     1 |       ||     1
  Eat: Chunk             |     2 |     2 ||     4
